 Dungeon Crawl Stone Soup version 0.29-a0-330-g52719c12eb (webtiles) character file.

Game seed: 10057602586709840266

1229 vineage the Skirmisher (level 8, -9/53 HPs)
             Began as a Gargoyle Fighter on May 6, 2022.
             Killed by divine providence
             ... invoked by an orc priest
              (11 damage)
             ... on level 5 of the Dungeon.
             The game lasted 00:06:13 (5945 turns).

vineage the Skirmisher (Gargoyle Fighter)           Turns: 5945, Time: 00:06:13

Health: -9/53      AC: 22    Str: 24    XL:     8   Next: 48%
Magic:  8/8        EV: 10    Int: 13    God:
Gold:   337        SH:  6    Dex:  9    Spells: 7/7 levels left

rFire   . . .      SeeInvis .   a - +0 flail
rCold   . . .      Faith    .   c - +1 buckler
rNeg    + . .      Spirit   .   s - +4 ring mail "Giceonop" {Str+2 Int+4}
rPois   ∞          Reflect  .   (no helmet)
rElec   +          Harm     .   t - +2 cloak of the Butcher {rElec rPois Will-}
rCorr   .          Rampage  .   y - +0 pair of gloves
Will    .....                   (no boots)
Stlth   ..........              (no amulet)
HPRegen 0.17/turn               (no ring)
MPRegen 0.11/turn               (no ring)

@: no status effects
A: sickness immunity, AC +5, negative energy resistance 1, electricity
resistance, torment resistance 1, petrification resistance, iridescent scales 1
a: no special abilities


You were on level 5 of the Dungeon.
You visited 1 branch of the dungeon, and saw 5 of its levels.

You collected 337 gold pieces.

Inventory:

Hand Weapons
 a - a +0 flail (weapon)
Missiles
 r - a throwing net (quivered)
Armour
 b - a +0 scale mail
 c - a +1 buckler (worn)
 o - a +0 plate armour
 s - the +4 ring mail "Giceonop" (worn) {Str+2 Int+4}
   (You found it on level 3 of the Dungeon)

   Str:       It affects your strength (+2).
   Int:       It affects your intelligence (+4).
 t - the +2 cloak of the Butcher (worn) {rElec rPois Will-}
   (You found it on level 3 of the Dungeon)

   rElec:     It insulates you from electricity.
   rPois:     It protects you from poison.
   Will:      It decreases your willpower.
 y - a +0 pair of gloves (worn)
Wands
 d - a wand of iceblast (16)
 z - a wand of flame (10)
Scrolls
 e - a scroll of enchant armour
 g - 2 scrolls of teleportation
 u - 2 scrolls of fog
Potions
 f - 3 potions of attraction
 h - a potion of mutation
 i - 3 potions of curing
 j - a potion of invisibility
 k - a potion of haste {unknown}
 l - 3 potions of magic
 m - a potion of heal wounds
 n - 2 potions of cancellation
 p - a potion of lignification {unknown}
 q - a potion of berserk rage
 x - a potion of flight {unknown}


   Skills:
 * Level 7.6 Fighting
 + Level 4.8 Maces & Flails
 + Level 5.8 Armour
 + Level 5.7 Shields


You had 7 spell levels left.
You didn't know any spells.
Your spell library contained the following spells:

 Spells                   Type           Power      Damage    Failure   Level
 Apportation              Tloc           0%         N/A       52%         1
 Sandblast                Erth           0%         2d4       52%         1
 Corpse Rot               Necr/Air       0%         N/A       65%         2
 Passwall                 Tmut/Erth      0%         N/A       65%         2
 Poisonous Vapours        Pois/Air       0%         N/A       65%         2
 Stone Arrow              Conj/Erth      0%         3d7       87%         3
 Alistair's Intoxication  Tmut/Pois      0%         N/A       100%        5


Dungeon Overview and Level Annotations

Branches:
Dungeon (5/15)
 Temple: D:4-7

Altars:

Annotations:
D:4 1 transporter


Innate Abilities, Weirdness & Mutations

You are immune to sickness and miasma.
Your stone body is resilient. (AC +5)
You are immune to poison.
You resist negative energy. (rN+)
You are resistant to electric shocks. (rElec)
You are resistant to unholy torment.
You are immune to petrification.
You are partially covered in iridescent scales. (AC +2)


Message History

The orc wizard is moderately wounded.
The orc wizard barely misses you.
You barely miss the orc wizard.
The orc wizard is moderately wounded.
The orc priest mumbles some strange prayers to Beogh against you.
Beogh smites you!
* * * LOW HITPOINT WARNING * * *
The orc wizard barely misses you.
You hit the orc wizard.
The orc wizard is heavily wounded.
The orc wizard gestures wildly while chanting.
The orc wizard flickers and vanishes!
Deactivating autopickup; reactivate with Ctrl-A.
Something completely misses you.
You're too confused to move!
Something hits you but does no damage.
You bump into the rock wall.
The orc priest looks encouraged for a moment.
Something hits you but does no damage.
You bump into the rock wall.
You feel less confused. Something hits you but does no damage.
You closely miss something. Something hits you but does no damage.
You miss something.
The orc priest mumbles some strange prayers to Beogh against you.
Beogh smites you!
* * * LOW HITPOINT WARNING * * *
Something hits you but does no damage.
You barely miss something.
You hear some strange, mumbled words.
A magic dart appears from out of thin air!
The magic dart hits you but does no damage.
You miss something. Something hits you but does no damage.
You hit something.
Something hits you but does no damage. x2
The orc priest looks braver for a moment.
You miss something. Something hits you but does no damage.
You barely miss something. Something hits you but does no damage.
You closely miss something.
The orc priest calls down the wrath of Beogh upon you.
Beogh smites you!
You die...

... #o# #.## #.c##
#o..##########
#..##§≈§≈§§§≈≈
#..##≈≈§≈.§...
#.##+#####.###§≈≈......
#.....@{oo.# #§≈....⌠..
#########.## #≈...##.##
#.####≈§..#...#
#####.##)'...⌠.)⌠[.
#......).#≈...#...#
#..?...))#§§§.##.##
#........#§≈§§..⌠..
#........#≈≈≈......
##########§§≈≈.....


You could see an orc priest and an orc.

Vanquished Creatures
  Sigmund (D:3)
  2 ice beasts
  2 black bears (D:4)
  A centaur (D:5)
  A phantom (D:5)
  A necrophage (D:5)
  A scorpion (D:4)
  Jessica (D:3)
  An iguana (D:5)
  Natasha (thrice) (D:2)
  2 orc wizards (D:5)
  6 gnolls
  6 adders
  2 ufetubi (D:5)
  2 worms (D:2)
  6 dart slugs
  20 orcs
  5 bats
  7 endoplasms
  3 giant cockroaches
  7 goblins
  6 hobgoblins
  4 jackals (D:2)
  3 quokkas
  7 ball pythons
  2 frilled lizards
  6 kobolds
  7 rats
  A spectral goblin (D:2)
116 creatures vanquished.

Vanquished Creatures (others)
  2 plants (D:4)
2 creatures vanquished.

Grand Total: 118 creatures vanquished

Notes
Turn   | Place    | Note
-------+----------+-------------------------------------------
     0 | D:1      | vineage the Gargoyle Fighter began the quest for the Orb.
     0 | D:1      | Reached XP level 1. HP: 14/14 MP: 1/1
   215 | D:1      | Reached XP level 2. HP: 14/19 MP: 2/2
  1344 | D:2      | You fall into a shaft and drop 2 floors!
  1467 | D:4      | Found a transporter.
  1471 | D:4      | Noticed an electric eel
  1474 | D:4      | Noticed an electric eel
  1474 | D:4      | Noticed an electric eel
  1478 | D:4      | Found a transporter.
  1520 | D:4      | Reached XP level 3. HP: 24/24 MP: 3/3
  1596 | D:4      | Gained mutation: You are partially covered in iridescent
                  | scales. (AC +2) [potion of mutation]
  1923 | D:2      | Reached skill level 4 in Fighting
  2176 | D:2      | Reached XP level 4. HP: 28/29 MP: 4/4
  2255 | D:2      | Found a faded altar of an unknown god.
  2322 | D:2      | Noticed Natasha
  2337 | D:2      | Killed Natasha
  2481 | D:2      | Noticed Natasha
  2496 | D:2      | Killed Natasha
  2497 | D:2      | Reached XP level 5. HP: 15/34 MP: 5/5
  2654 | D:2      | Noticed Natasha
  2665 | D:2      | Killed Natasha
  2872 | D:3      | Noticed Sigmund
  2882 | D:3      | Killed Sigmund
  2883 | D:3      | Reached skill level 5 in Fighting
  2883 | D:3      | Reached XP level 6. HP: 31/40 MP: 6/6
  3377 | D:3      | Noticed Jessica
  3389 | D:3      | Killed Jessica
  3396 | D:3      | Identified the +4 ring mail "Giceonop" {Str+2 Int+4}
  3496 | D:3      | Identified the +2 cloak of the Butcher {rElec rPois Will-}
  3989 | D:4      | Reached XP level 7. HP: 42/45 MP: 7/7
  4106 | D:4      | Reached skill level 6 in Fighting
  4186 | D:4      | Reached skill level 5 in Armour
  4186 | D:4      | Reached skill level 5 in Shields
  5077 | D:5      | Entered Level 5 of the Dungeon
  5262 | D:5      | Reached skill level 7 in Fighting
  5262 | D:5      | Reached XP level 8. HP: 35/53 MP: 8/8
  5939 | D:5      | HP: 1/53 [orc priest/divine providence (14)]
  5945 | D:5      | Killed from afar by an orc priest

Illustrated notes

Levels and vault maps discovered:
D:1:      kennysheep_arrival_seaside, layout_basic
D:2:      layout_basic, dreamdust_ecumenical_altar_drowned_temple,
          minmay_diced_spiral, uniq_natasha
D:3:      layout_basic, kennysheep_potato, uniq_sigmund, uniq_jessica
D:4:      gammafunk_steamed_eel, layout_cave_pods, minmay_cut_off
D:5:      dreamdust_elfheim, layout_rooms, kennysheep_generic_room_2

Skill      XL: |  1  2  3  4  5  6  7 |
---------------+----------------------+-----
Fighting       | 4 5 7 |  7.6
Armour         | 4 5 |  5.8
Shields        | 4 5 |  5.7
Maces & Flails | 3 4 |  4.8

Action                   |  1- 3 |  4- 6 |  7- 9 || total
-------------------------+-------+-------+-------++-------
Melee: Flail             |   131 |   164 |   218 ||   513
  Use: Scroll            |     4 |     2 |    10 ||    16
       Potion            |     1 |     1 |       ||     2
Armor: Scale mail        |    46 |       |       ||    46
       Plate armour      |    52 |   116 |       ||   168
       Ring mail         |       |    26 |   190 ||   216
Dodge: Dodged            |    50 |    74 |   139 ||   263
Block: Buckler           |    22 |    36 |    75 ||   133

Table legend: (Time is in decaauts)
 A = Elapsed time spent in this place.
 B = Non-inter-level travel time spent in this place.
 C = Inter-level travel time spent in this place.
 D = Time resting spent in this place.
 E = Time spent auto-exploring this place.
 F = Levels seen in this place.
 G = Mean time per level.
                   A        B        C        D        E       F      G
               +--------+--------+--------+--------+--------+-----+--------+
         Total |   6090 |   5819 |    271 |    505 |   4197 |   5 | 1218.0 |
       Dungeon |   6090 |   5819 |    271 |    505 |   4197 |   5 | 1218.0 |
               +--------+--------+--------+--------+--------+-----+--------+

Top non-repeatable levels by time:
     D:4: 1474 daAuts
     D:3: 1343 daAuts
     D:1: 1194 daAuts
     D:2: 1177 daAuts
     D:5: 901 daAuts
